 Dungeon Crawl Stone Soup version 0.24-a0-317-g5cb8de4b22 (webtiles) character file.

Game seed: 6498792644680509476

176 MachJacob the Gusty (level 5, -1/29 HPs)
             Began as a Tengu Air Elementalist on May 16, 2019.
             Killed by nerve-wracking pain
             ... invoked by an orc priest
              (13 damage)
             ... on level 3 of the Dungeon.
             The game lasted 00:09:20 (3603 turns).

MachJacob the Gusty (Tengu Air Elementalist)        Turns: 3603, Time: 00:09:20

Health: -1/29      AC:  2    Str:  8    XL:     5   Next: 56%
Magic:  0/9        EV: 13    Int: 16    God:
Gold:   139        SH:  0    Dex: 15    Spells: 3/9 levels left

rFire    . . .     SeeInvis .   a - +0 dagger
rCold    . . .     Gourm    .   (no shield)
rNeg     . . .     Faith    .   e - +0 robe
rPois    .         Spirit   .   (helmet restricted)
rElec    .         Reflect  .   l - -1 cloak (curse)
rCorr    .         Harm     .   (no gloves)
MR       .....                  (boots unavailable)
Stlth    ++........             (no amulet)
HPRegen  0.09/turn              (no ring)
MPRegen  0.11/turn              (no ring)

@: no status effects
A: beak, talons 3, able to fly
a: Fly


You were on level 3 of the Dungeon.
You were near starving.

You visited 1 branch of the dungeon, and saw 3 of its levels.

You collected 139 gold pieces.

Inventory:

Hand Weapons
 a - a +0 dagger (weapon)
 b - a +0 hunting sling
 q - a +1 dagger of pain
Missiles
 k - 6 stones (quivered)
 o - 15 sling bullets
Armour
 e - a +0 robe (worn)
 l - a cursed -1 cloak (worn)
Jewellery
 j - an uncursed ring of protection from fire {unknown}
Scrolls
 g - a scroll of remove curse {unknown}
 i - a scroll of fear
 n - a scroll of amnesia {unknown}
 p - a scroll of teleportation {unknown}
 s - a scroll of identify
Potions
 d - 2 potions of agility
 f - a potion of heal wounds {unknown}
 h - 4 potions of curing
 m - 2 potions of invisibility
 r - 2 potions of flight
 u - a potion of mutation {unknown}
Comestibles
 c - 7 rations


   Skills:
 + Level 1.5 Fighting
 + Level 3.0 Dodging
 - Level 2.0 Stealth
 + Level 2.6 Spellcasting
 * Level 3.7 Conjurations
 * Level 5.5 Air Magic


You had 3 spell levels left.
You knew the following spells:

 Your Spells              Type           Power        Failure   Level  Hunger
a - Shock                 Conj/Air       ###.         3%          1    #......
b - Swiftness             Chrm/Air       ##......     10%         2    ##.....
c - Static Discharge      Conj/Air       ###.....     9%          3    ###....

Your spell library contained the following spells:

 Spells                   Type           Power        Failure   Level  Hunger
 Airstrike                Air            ###.......   21%         4    #####..
 Lightning Bolt           Conj/Air       ###.......   63%         5    ######.


Dungeon Overview and Level Annotations

Branches:
Dungeon (3/15)

Altars:

Annotations:
D:2 Sigmund


Innate Abilities, Weirdness & Mutations

You have a beak for a mouth.
You have claws for feet.
You can fly continuously.


Message History

You are too injured to fight recklessly!
You are too injured to fight recklessly!
You hit the orc priest but do no damage.
You claw the orc priest, but do no damage.
The orc priest is heavily wounded.
The orc priest completely misses you.
Casting: Shock (safe; 3% risk of failure)
Confirm with . or Enter, or press ? or * to list all spells.
Aiming: Shock (safe; 3% risk of failure)
Press: ? - help, Shift-Dir - straight line, f/p - orc priest
Aim: an orc priest, wielding a +0 short sword and wearing a +0 ring mail (heavily wounded)
The zap hits the orc priest.
The orc priest is severely wounded.
The orc priest barely misses you.
You hit the orc priest.
You claw the orc priest, but do no damage.
The orc priest is almost dead.
The orc priest calls down the wrath of Beogh upon you.
Pain shoots through your body!
You die...

### #@#
#o# #.#
#(# #)#
... ...
..(..
.......


You could see an orc priest.

Vanquished Creatures
  4 orc wizards (D:3)
  An adder (D:3)
  An ooze (D:3)
  2 worms (D:2)
  A dart slug (D:1)
  3 leopard geckos
  5 orcs (D:3)
  2 giant cockroaches
  7 hobgoblins
  A quokka (D:3)
  3 bats
  6 frilled lizards
  7 kobolds
  3 rats
46 creatures vanquished.

Notes
Turn   | Place    | Note
-------+----------+-------------------------------------------
     0 | D:1      | MachJacob the Tengu Air Elementalist began the quest for
                  | the Orb.
     0 | D:1      | Reached XP level 1. HP: 10/10 MP: 4/4
   275 | D:1      | Reached XP level 2. HP: 15/15 MP: 3/6
   843 | D:2      | Noticed Sigmund
  1288 | D:2      | Reached XP level 3. HP: 19/19 MP: 5/7
  1292 | D:2      | Learned a level 2 spell: Swiftness
  1296 | D:2      | Learned a level 3 spell: Static Discharge
  2252 | D:3      | Reached XP level 4. HP: 24/24 MP: 2/8
  2429 | D:3      | Reached skill level 5 in Air Magic
  2534 | D:3      | Reached skill level 1 in Fighting
  2835 | D:3      | Gained mutation: You can fly continuously. [Tengu growth]
  2835 | D:3      | Reached XP level 5. HP: 29/29 MP: 5/9
  3603 | D:3      | Killed from afar by an orc priest

Levels and vault maps discovered:
D:1:      roderic_crossed_star, layout_rooms
D:2:      layout_basic, uniq_sigmund
D:3:      layout_basic, first_ration

Skill      XL: |  1  2  3  4  5 |
---------------+----------------+-----
Conjurations   | 2 3 |  3.7
Air Magic      | 5 |  5.5
Fighting       | 1 |  1.5
Dodging        | 3 |  3.0
Stealth        | |  2.0
Spellcasting   | |  2.6

Action                   |  1- 3 |  4- 6 || total
-------------------------+-------+-------++-------
Melee: Dagger            |     6 |     2 ||     8
       Peck              |     1 |       ||     1
       Kick              |       |     2 ||     2
 Fire: Hunting sling     |       |     2 ||     2
Throw: Stone             |     1 |       ||     1
 Cast: Shock             |    65 |    52 ||   117
  Use: Scroll            |     3 |     3 ||     6
  Eat: Chunk             |     4 |     4 ||     8
Armor: Robe              |       |     1 ||     1
Dodge: Dodged            |    12 |     4 ||    16

Table legend:
 A = Non-vault XP
 B = Vault XP
 C = Vault XP percentage of total XP
 D = Non-vault monster count
 E = Vault monster count
 F = Vault count percentage of total count
                 A         B        C        D         E       F
            +---------+---------+-------+---------+---------+-------
      Total |     252 |       0 |   0.0 |      46 |       0 |   0.0
            +---------+---------+-------+---------+---------+-------
        D:1 |      21 |       0 |   0.0 |      12 |       0 |   0.0
        D:2 |      21 |       0 |   0.0 |       9 |       0 |   0.0
        D:3 |     210 |       0 |   0.0 |      25 |       0 |   0.0
            +---------+---------+-------+---------+---------+-------
